 Dungeon Crawl Stone Soup version 0.28.0-62-gf88900778d (webtiles) character file.

Game seed: 15164238753676134776

823 Coron the Sneak (level 7, -2/63 (64) HPs)
             Began as a Deep Dwarf Delver on Mar 26, 2023.
             Slain by an iguana (7 damage)
             ... on level 5 of the Dungeon.
             The game lasted 00:21:39 (4900 turns).

Coron the Sneak (Deep Dwarf Delver)                 Turns: 4900, Time: 00:21:39

HP:   -2/63 (64)    AC:  3    Str: 18    XL:     7   Next: 63%
MP:   3/9           EV: 12    Int: 10    God:
Gold: 221           SH:  0    Dex: 14    Spells: 9/12 levels left

rFire   . . .      SeeInvis .   a - +0 hand axe
rCold   . . .      Faith    .   (no shield)
rNeg    . . .      Spirit   .   b - +0 leather armour
rPois   .          Reflect  .   (no helmet)
rElec   .          Harm     .   (no cloak)
rCorr   .          Rampage  .   (no gloves)
Will    +....                   (no boots)
Stlth   +++.......              (no amulet)
HPRegen 0.00/turn               (no ring)
MPRegen 0.11/turn               (no ring)

@: very slightly contaminated, lightly drained
A: damage resistance, heal wounds, sense surroundings 1, no regeneration
a: Heal Wounds


You were on level 5 of the Dungeon.
You visited 2 branches of the dungeon, and saw 5 of its levels.
You also visited: Sewer.

You collected 221 gold pieces.

Inventory:

Hand Weapons
 a - a +0 hand axe (weapon)
Missiles
 f - 2 curare-tipped darts
 n - 58 stones
 r - 2 poisoned darts (quivered)
Armour
 b - a +0 leather armour (worn)
 p - a +0 chain mail
Wands
 g - a wand of digging (11)
 j - a wand of mindburst (5)
 o - a wand of flame (24)
Scrolls
 c - 3 scrolls of fog
 d - a scroll of enchant armour {unknown}
 e - a scroll of fear
 i - a scroll of silence {unknown}
 k - 2 scrolls of magic mapping
 t - a scroll of enchant weapon {unknown}
 u - a scroll of identify
 v - a scroll of noise {unknown}
Potions
 h - a potion of flight {unknown}
 l - a potion of cancellation
 m - a potion of mutation
 q - a potion of might
 s - a potion of ambrosia {unknown}


   Skills:
 - Level 4.0 Fighting
 - Level 4.0 Axes
 + Level 3.2 Armour
 - Level 2.4 Dodging
 - Level 6.2 Stealth
 - Level 3.0 Spellcasting
 - Level 5.0 Necromancy
 - Level 2.0 Evocations


You had 9 spell levels left.
You knew the following spells:

 Your Spells              Type           Power      Damage    Failure   Level
a - Vampiric Draining     Necr           11%        2d6       13%         3

Your spell library contained the following spells:

 Spells                   Type           Power      Damage    Failure   Level
 Animate Skeleton         Necr           22%        N/A       4%          1
 Pain                     Necr           44%        1d6       4%          1
 Slow                     Hex            4%         N/A       32%         1
 Static Discharge         Conj/Air       1%         N/A       45%         2
 Confusing Touch          Hex            1%         N/A       69%         3
 Gell's Gravitas          Tloc           1%         N/A       69%         3
 Teleport Other           Tloc           1%         N/A       69%         3
 Lightning Bolt           Conj/Air       0%         1d11      100%        5
 Dispersal                Tloc           0%         N/A       100%        6
 Maxwell's Capacitive Co  Air            0%         ∞         100%        8


Dungeon Overview and Level Annotations

Branches:
Dungeon (5/15)             Temple (1/1) D:5           Sewer (visited)

Altars:
Ashenzari
Dithmenos
Elyvilon
Fedhas
Hepliaklqana
Kikubaaqudgha
Nemelex Xobeh
Okawaru
Qazlal
Uskayaw
Vehumet
Wu Jian
Xom
Yredelemnul
Zin
The Shining One

Shops:
D:4 :[


Innate Abilities, Weirdness & Mutations

You are resistant to damage.
You can heal yourself by infusing magical energy.
You passively map a small area around you.
You do not regenerate.


Message History

You miscast Vampiric Draining.
You are very lightly contaminated with residual magic.
Nothing appears to happen.
The jelly barely misses you.
Casting: Vampiric Draining (dangerous; 13% risk of failure)
Confirm with . or Enter, or press ? or * to list all spells.
Aiming: Vampiric Draining (dangerous; 13% risk of failure)
Press: ? - help, Shift-Dir - straight line, f/p - jelly
Aim: a jelly (severely wounded)
You draw life force from the jelly.
You kill the jelly!
You feel life coursing into your body.
Your Armour skill increases to level 3!
You start resting.
Your magical contamination has completely faded away.
You start resting.
You are no longer corroded.
r - 2 poisoned darts (gained 1) Magic restored.
An ogre comes into view. It is wielding a +0 giant club.
The iguana hisses angrily.
Casting: Vampiric Draining (dangerous; 13% risk of failure)
Confirm with . or Enter, or press ? or * to list all spells.
Aiming: Vampiric Draining (dangerous; 13% risk of failure)
Press: ? - help, Shift-Dir - straight line, f - iguana
Aim: an iguana You draw life force from the iguana!
You feel life coursing into your body. The iguana bites you!
* * * LOW HITPOINT WARNING * * *
Casting: Vampiric Draining (dangerous; 13% risk of failure)
Confirm with . or Enter, or press ? or * to list all spells.
Aiming: Vampiric Draining (dangerous; 13% risk of failure)
Press: ? - help, Shift-Dir - straight line, f/p - iguana
Aim: an iguana (heavily wounded)
You miscast Vampiric Draining.
You are very lightly contaminated with residual magic.
The world around you seems to dim momentarily.
You feel drained.
* * * LOW HITPOINT WARNING * * *
The iguana bites you!
You die...

* #............#..#
###...8..#........##
*##*#.#.....###..##....#
##.##....8..#.#..#...###
##.....##....'_#..#...#
........#.8..#.#.....##
.............###......#
........##.8..#.l.#.###
>...............@.#.###
.................#.)..#
..###..........####..## ..
##....##...## #.## ..
##.....###...########
..##............##.##..###
.............#..#...#....#
.#..###......#.....###..##
##.######...#.......#...#


You could see an iguana.

Vanquished Creatures
  A necrophage (D:2)
  A black bear (D:4)
  An ogre (D:4)
  2 kobold brigands (Sewer)
  A bullfrog zombie (D:3)
  A jelly (D:5)
  2 orc priests (D:3)
  A hound (D:4)
  Jessica (D:3)
  Ijyb (D:4)
  Robin (D:3)
  10 adders
  2 river rats (Sewer)
  2 worms
  A dart slug (D:3)
  8 orcs
  5 ball pythons
  2 bats
  8 endoplasms
  13 goblins
  7 hobgoblins
  2 jackals (D:2)
  8 kobolds
  4 quokkas
  2 frilled lizards (D:2)
  8 rats
95 creatures vanquished.

Notes
Turn   | Place    | Note
-------+----------+-------------------------------------------
     0 | D:5      | Coron the Deep Dwarf Delver began the quest for the Orb.
     0 | D:5      | Reached XP level 1. HP: 20/20 MP: 1/1
    14 | D:4      | Noticed a black bear
    43 | D:4      | Reached XP level 2. HP: 22/27 MP: 2/2
   117 | D:3      | Noticed Robin
   150 | D:3      | Killed Robin
   151 | D:3      | Reached XP level 3. HP: 32/34 MP: 2/2
   182 | D:3      | Reached skill level 1 in Armour
   200 | D:3      | Reached skill level 1 in Spellcasting
   215 | D:3      | Found a glowing drain.
   224 | Sewer    | Entered a sewer
   229 | Sewer    | Learned a level 3 spell: Vampiric Draining
   355 | Sewer    | Noticed a kobold brigand
   381 | Sewer    | Killed a kobold brigand
   382 | Sewer    | Reached XP level 4. HP: 35/42 MP: 4/6
   483 | Sewer    | Reached XP level 5. HP: 37/49 MP: 7/7
   993 | Sewer    | HP: 2/48 [something (7)]
  1418 | Sewer    | Reached XP level 6. HP: 22/55 MP: 1/8
  2066 | D:2      | Found a hide-covered altar of Uskayaw.
  2814 | D:2      | Reached skill level 5 in Necromancy
  2814 | D:2      | Reached skill level 1 in Evocations
  3211 | D:3      | Noticed Jessica
  3216 | D:3      | Killed Jessica
  3404 | D:3      | Reached XP level 7. HP: 56/61 MP: 1/9
  3703 | D:4      | Found a shadowy altar of Dithmenos.
  3807 | D:4      | Found a sparkling altar of Nemelex Xobeh.
  3858 | D:4      | Found Qaatext's Armour Shoppe.
  3989 | D:4      | Noticed Ijyb
  4016 | D:4      | Killed Ijyb
  4267 | D:4      | Found Byimeogh's Self-Improvement Boutique.
  4608 | D:5      | Found a glowing silver altar of Zin.
  4716 | D:5      | Found a staircase to the Ecumenical Temple.
  4724 | Temple   | Entered the Ecumenical Temple
  4900 | D:5      | Slain by an iguana

Illustrated notes

Levels and vault maps discovered:
D:2:      cheibrodos_old_hovel, layout_loops_ring, basic_altar
D:3:      layout_basic, portal_sewer_entry_d, uniq_robin, uniq_jessica
D:4:      layout_loops_ring, nicolae_dithmenos_the_darkroom,
          overflow_temple_1_default, serial_shops, kennysheep_little_box,
          hangedman_decor_riveting, nicolae_shop_self_help, uniq_ijyb
D:5:      layout_cave_pools, zin_statuary, minmay_temple_entry_junction
Temple:   cyrus_circular_temple

Skill      XL: |  1  2  3  4  5  6  7 |
---------------+----------------------+-----
Fighting       | 3 4 |  4.0
Armour         | 1 3 |  3.2
Axes           | 3 4 |  4.0
Spellcasting   | 2 3 |  3.0
Necromancy     | 2 4 5 |  5.0
Evocations     | 2 |  2.0
Dodging        | |  2.4
Stealth        | |  6.2

Action                   |  1- 3 |  4- 6 |  7- 9 || total
-------------------------+-------+-------+-------++-------
Melee: Hand axe          |    85 |   155 |    57 ||   297
       Punch             |     2 |       |     3 ||     5
Throw: Stone             |       |     3 |       ||     3
       Dart              |       |       |     3 ||     3
 Cast: Vampiric Draining |       |    39 |    19 ||    58
 Abil: Heal Wounds       |     3 |     2 |       ||     5
Evoke: Wand              |       |     2 |     3 ||     5
  Use: Scroll            |     1 |       |     3 ||     4
       Potion            |     1 |       |       ||     1
 Stab: Sleeping          |     2 |     3 |     2 ||     7
Armor: Leather armour    |    14 |    29 |     3 ||    46
Dodge: Dodged            |    48 |   121 |    51 ||   220
